 Dungeon Sprint DCSS version 0.27-a0-1177-g245c70e1c0 (webtiles) character file.

Game seed: 18191330452659464503

49 mhtbhm the Skirmisher (level 3, -2/37 HPs)
             Began as a Minotaur Berserker on May 16, 2021.
             Was a Priest of Trog.
             Slain by a hound (6 damage)
             ... while paralysed
             ... in the Dungeon (Sprint IX: "|||||||||||||||||||||||||||||").
             The game lasted 00:00:12 (162 turns).

mhtbhm the Skirmisher (Minotaur Berserker)           Turns: 162, Time: 00:00:12

Health: -2/37      AC: -1    Str: 22    XL:     3   Next: 51%
Magic:  2/2        EV:  2    Int:  4    God:    Trog [***...]
Gold:   0          SH:  0    Dex:  9    Spells: 2/2 levels left

rFire    . . .     SeeInvis .   a - +0 mace
rCold    . . .     Faith    .   (no shield)
rNeg     . . .     Spirit   .   b - +0 animal skin
rPois    .         Reflect  .   (helmet restricted)
rElec    .         Harm     .   (no cloak)
rCorr    .         Rampage  .   (no gloves)
Will     .....     NoTele   +   (no boots)
Stlth    +.........             (no amulet)
HPRegen  0.12/turn              (no ring)
MPRegen  0.08/turn              (no ring)

@: paralysed, corroded, on berserk cooldown, slowed
A: horns 2, retaliatory headbutt
a: Renounce Religion, Berserk, Trog's Hand


You were in the Dungeon.
You worshipped Trog.
Trog was most pleased with you.
You visited 1 branch

Inventory:

Hand Weapons
 a - a +0 mace (weapon)
Armour
 b - a +0 animal skin (worn)
Scrolls
 h - a scroll of blinking
Potions
 c - a potion of curing
 d - a potion of heal wounds
 e - a potion of haste
 f - 2 potions of magic
 g - a potion of berserk rage


   Skills:
 + Level 6.3 Fighting
 + Level 6.2 Maces & Flails
 + Level 3.5 Armour
 + Level 3.6 Dodging


You had 2 spell levels left.
You didn't know any spells.
Your spell library was empty.

Dungeon Overview and Level Annotations

Branches:
Dungeon (1/1)

Altars:


Innate Abilities, Weirdness & Mutations

You have a pair of horns on your head.
You reflexively headbutt those who attack you in melee.


Message History

You are too injured to fight recklessly!
You are too injured to fight recklessly!
You are too injured to fight recklessly!
You are too injured to fight recklessly!
You are too injured to fight recklessly!
You are too injured to fight recklessly!
You sock the jelly!
Your hands burn!
You headbutt the jelly.
You kill the jelly!
Trog accepts your kill.
You feel sick.
Your Fighting skill increases to level 6!
Your Maces & Flails skill increases to level 6!
You have reached level 3!
Your experience leads to an increase in your attributes!
Increase (S)trength, (I)ntelligence, or (D)exterity?
You feel stronger.
Unknown command.
You hit the hound.
The hound is moderately wounded.
The hound closely misses you. You furiously retaliate!
You headbutt the hound.
Unknown command.
You closely miss the hound.
The hound is moderately wounded.
You feel sick.
You are no longer poisoned.
The hound closely misses you. You furiously retaliate!
You headbutt the hound! You closely miss the hound.
The hound is severely wounded.
The hound bites you.
* * * LOW HITPOINT WARNING * * *
You hit the hound but do no damage.
The hound is severely wounded.
You are no longer berserk.
You pass out from exhaustion.
You feel yourself slow down. The hound bites you.
* * * LOW HITPOINT WARNING * * *
The hound bites you.
* * * LOW HITPOINT WARNING * * *
The hound bites you.
You die... ▓▓▓▓▓▓▓▓▓▓▓▓▓▓▓▓▓▓ ▓<...')....'@h...+ ▓▓▓▓▓▓▓▓▓▓▓▓▓▓▓▓▓▓

You could see a hound.

Vanquished Creatures
  A jelly (D)
  An adder (D)
  A dart slug (D)
  2 ball pythons (D)
  A kobold (D)
  A ball python skeleton (D)
  A bat (D)
  A rat (D)
9 creatures vanquished.

Notes
Turn   | Place    | Note
-------+----------+-------------------------------------------
     0 | D        | mhtbhm the Minotaur Berserker began the quest for the Orb.
     0 | D        | Reached XP level 1. HP: 19/19 MP: 0/0
    13 | D        | Reached ** piety under Trog
   146 | D        | Noticed a jelly
   146 | D        | Noticed a hound
   150 | D        | Reached *** piety under Trog
   151 | D        | Reached XP level 2. HP: 28/28 MP: 1/1
   155 | D        | Reached skill level 5 in Fighting
   155 | D        | Reached skill level 5 in Maces & Flails
   157 | D        | Reached XP level 3. HP: 16/37 MP: 2/2
   162 | D        | Slain by a hound

Illustrated notes

Levels and vault maps discovered:
D:        linesprint [early_d, line_temple, items_1, d_10, items_2, lair_1,
          lair_end, items_3, orc_1, orc_end, items_4, d_15, swamp_1, shoals_1,
          snake_1, spider_1, d_20, vaults_1, items_5, swamp_end, shoals_end,
          snake_end, spider_end, vaults_end, d_27, items_6, zot_1, zot_end,
          crypt_end, forest_end, elf_end, slime_end, tomb_end, abyss_end,
          pan_hell_end]

Skill      XL: |  1  2 |
---------------+-------+-----
Fighting       | 4 6 |  6.3
Maces & Flails | 4 6 |  6.2
Armour         | 3 |  3.5
Dodging        | 3 |  3.6

Action                   || total
-------------------------++-------
Melee: Mace              ||    23
       Headbutt          ||     1
Invok: Berserk           ||     1
Armor: Animal skin       ||     6
Dodge: Dodged            ||    12

Table legend: (Time is in decaauts)
 A = Elapsed time spent in this place.
 B = Non-inter-level travel time spent in this place.
 C = Inter-level travel time spent in this place.
 D = Time resting spent in this place.
 E = Time spent auto-exploring this place.
 F = Levels seen in this place.
 G = Mean time per level.
                   A        B        C        D        E       F      G
               +--------+--------+--------+--------+--------+-----+--------+
         Total |    161 |    161 |      0 |    124 |      0 |   1 |  161.0 |
       Dungeon |    161 |    161 |      0 |    124 |      0 |   1 |  161.0 |
               +--------+--------+--------+--------+--------+-----+--------+

Top non-repeatable levels by time:
       D: 161 daAuts
